 Dungeon Crawl Stone Soup version 0.30-a0-824-g6c64550be9 (webtiles) character file.

Game seed: 4994275819927179754

22418 cforsyth the Unseen (level 13, -12/77 HPs)
             Began as a Kobold Brigand on Feb 27, 2023.
             Was an Elder of Hepliaklqana.
             Mangled by a sun demon (14 damage)
             ... on level 2 of the Abyss on Feb 28, 2023.
             The game lasted 00:24:20 (15367 turns).

cforsyth the Unseen (Kobold Brigand)               Turns: 15367, Time: 00:24:20

Health: -12/77     AC: 10    Str: 13    XL:     13   Next: 27%
Magic:  13/13      EV: 23    Int: 12    God:    Hepliaklqana [****..]
Gold:   808        SH:  0    Dex: 20    Spells: 12/12 levels left

rFire   . . .      SeeInvis .    H - +2 rapier (venom)
rCold   . . .      Faith    .    (no shield)
rNeg    . . .      Spirit   .    O - +0 troll leather armour
rPois   .          Reflect  .    L - +0 helmet
rElec   .          Harm     .    N - +2 cloak
rCorr   .          Rampage  .    v - +1 pair of gloves of Modesty {Str+3 Slay+3}
Will    +....                    (no boots)
Stlth   ++++++++                 (no amulet)
HPRegen 1.12/turn                i - ring of willpower
MPRegen 0.13/turn                r - ring of flight

@: about to teleport, flying, studying Stealth
A: reduced essence, small, no large weapons, nightstalker 3
a: Renounce Religion, Recall Ancestor, Ancestor Identity, Transference, Idealise


You were on level 2 of the Abyss.
You worshipped Hepliaklqana.
Hepliaklqana was greatly pleased with you.
You visited 2 branches of the dungeon, and saw 13 of its levels.
You visited the Abyss 1 time.
You also visited: Bailey.

You collected 1119 gold pieces.
You spent 311 gold pieces at shops.

Inventory:

Hand Weapons
 a - a +2 dagger
 s - a +2 dagger of venom
 H - a +2 rapier of venom (weapon)
Missiles
 d - 75 poisoned darts (quivered)
 e - 3 curare-tipped darts
Armour
 v - the +1 pair of gloves of Modesty (worn) {Str+3 Slay+3}
   (You found it on level 5 of the Dungeon)

   Str:       It affects your strength (+3).
   Slay:      It affects your accuracy & damage with ranged weapons and melee
   (+3).
 L - a +0 helmet (worn)
 N - a +2 cloak (worn)
 O - a +0 troll leather armour (worn)
Jewellery
 h - a ring of fire
 i - a ring of willpower (left hand)
 r - a ring of flight (right hand)
 z - a ring of poison resistance
 B - an amulet of the acrobat
 P - a ring of see invisible
 R - a +6 ring of dexterity
Wands
 c - a wand of charming (1)
 y - a wand of flame (15)
 J - a wand of quicksilver (10)
Scrolls
 f - a scroll of magic mapping
 g - 3 scrolls of enchant weapon
 j - 2 scrolls of enchant armour
 k - 3 scrolls of amnesia
 l - 3 scrolls of fear
 m - a scroll of poison
 o - a scroll of teleportation
 t - a scroll of summoning
 u - 2 scrolls of immolation
 w - 2 scrolls of blinking
 x - 2 scrolls of silence
 F - 2 scrolls of fog
 I - a scroll of vulnerability
Potions
 n - 4 potions of flight
 p - 3 potions of magic
 q - 5 potions of resistance
 A - 7 potions of curing
 C - 3 potions of haste
 D - a potion of cancellation
 E - 2 potions of invisibility
 G - 2 potions of lignification
 M - 6 potions of mutation
 S - a potion of might


   Skills:
 + Level 12.0 Fighting
 + Level 14.1 Short Blades
 - Level 2.1 Throwing
 + Level 12.8 Dodging
 + Level 19.6 Stealth


You had 12 spell levels left.
You didn't know any spells.
Your spell library contained the following spells:

 Spells                   Type           Power      Damage    Failure   Level
 Beastly Appendage        Tmut           0%         N/A       38%         1
 Blink                    Tloc           0%         N/A       54%         2
 Ensorcelled Hibernation  Hex/Ice        0%         N/A       54%         2
 Passwall                 Tmut/Erth      0%         N/A       54%         2
 Wereblood                Tmut           0%         N/A       54%         2
 Call Canine Familiar     Summ           0%         N/A       77%         3
 Kindle Blastsparks       Fire/Tloc/Air  0%         2d10      77%         3
 Portal Projectile        Hex/Tloc       0%         N/A       77%         3
 Spider Form              Tmut/Pois      0%         N/A       77%         3
 Swiftness                Air            0%         N/A       77%         3
 Tukima's Dance           Hex            0%         N/A       77%         3
 Fulminant Prism          Conj/Hex       0%         3d5       99%         4
 Iskenderun's Mystic Bla  Conj/Tloc      0%         2d3       99%         4
 Leda's Liquefaction      Hex/Erth       0%         N/A       99%         4
 Manifold Assault         Tloc           0%         N/A       99%         4
 Blade Hands              Tmut           0%         N/A       100%        5
 Lee's Rapid Deconstruct  Erth           0%         3d4*      100%        5
 Storm Form               Tmut/Air       0%         N/A       100%        7


Dungeon Overview and Level Annotations

Branches:
Dungeon (12/15)            Temple (1/1) D:4            Lair (0/5) D:8
    Orc (0/2) D:9          Bailey (visited)

Altars:
Ashenzari
Cheibriados
Dithmenos
Elyvilon
Fedhas
Gozag
Hepliaklqana
Kikubaaqudgha
Makhleb
Nemelex Xobeh
Okawaru
Qazlal
Ru
Sif Muna
Trog
Uskayaw
Vehumet
Wu Jian
Xom
Yredelemnul
Zin
The Shining One

Shops:
D:6 *?*!   D:7 *   D:8 [   D:12 ?

Annotations:
D:7 3 runed translucent doors
D:12 Erolcha


Innate Abilities, Weirdness & Mutations

Your life essence is reduced to manifest your ancestor. (-10% HP)
You are small and have problems with some larger weapons.
You are completely attuned to the shadows.


Message History

You closely miss the rakshasa.
The rakshasa is heavily wounded.
The rakshasa weaves an illusion.
The large abomination shimmers and seems to become two!
Gladwin hits the rakshasa with a +0 dagger of draining.
You puncture the rakshasa!
The rakshasa looks as sick as possible!
The rakshasa is heavily wounded.
The injured rakshasa weaves a defensive illusion!
The sun demon hits you.
You are engulfed in flames!
Gladwin hits the rakshasa with a +0 dagger of draining.
You barely miss the rakshasa.
The rakshasa is almost dead.
The rakshasa splashes around in the water.
The rakshasa barely misses you. The large abomination misses you.
The sun demon hits you but does no damage.
Gladwin misses the rakshasa.
You hit the rakshasa.
The rakshasa is almost dead.
Gladwin hits the rakshasa with a +0 dagger of draining.
The rakshasa dies!
The rakshasa shimmers and vanishes!
You hit the rakshasa but do no damage.
The rakshasa is severely wounded.
The rakshasa hits you but does no damage.
The rakshasa completely misses you. The sun demon hits you!
You are engulfed in flames!
* * * LOW HITPOINT WARNING * * *
Unknown command.
You puncture the rakshasa!
The rakshasa is severely wounded.
You kill the rakshasa!
The rakshasa shimmers and vanishes!
The large abomination barely misses you.
The large abomination closely misses you.
You puncture the rakshasa!
The rakshasa is almost dead.
The sun demon hits you!!
* * * LOW HITPOINT WARNING * * *
You are engulfed in flames!
You die...

# #.~~ # .#
..~..... # # #
#.~~~.###### # .
...~.......... # .
.~~~.~~~~~ .# #..
.~...~...#...# . .
.~.XRX.~. ~ # .
.~.R@..~...~ .# .d
.~~~3..~~~.~~ .# .
...~.....~...~.#.
~~.~.~~~.~...~.# #
.~...~.....#.~~~.#
.~.# #.#.~.# # #.
. .# # #. #


You could see the friendly Gladwin the hexer, a rakshasa (extremely poisoned,
ally target), a sun demon and 2 large abominations.

Vanquished Creatures
  A tentacled monstrosity (Abyss:2)
  Frances (D:12)
  A very ugly thing (Abyss:2)
  A purple draconian (Abyss:2)
  2 vault guards (Bailey)
  4 two-headed ogres
  A boulder beetle (D:12)
  Lodul (D:10)
  An anaconda zombie (Abyss:2)
  A mana viper (Abyss:2)
  A will-o-the-wisp (Abyss:2)
  An ugly thing (D:12)
  An unseen horror (D:11)
  3 trolls
  Prince Ribbit (Bailey)
  A hornet (D:7)
  A raiju (Abyss:2)
  3 shadows
  2 wraiths
  A wyvern (D:10)
  4 yaks (D:9)
  2 neqoxecs (Abyss:2)
  A vampire (D:10)
  4 humans (Bailey)
  A steam dragon (D:7)
  3 vampire mosquitoes (D:10)
  An acid dragon (D:12)
  A water moccasin (D:6)
  7 orc warriors
  A sky beast (D:6)
  3 ice beasts
  4 ogres (D:10)
  3 centaurs
  4 small abominations (Abyss:2)
  4 kobold brigands
  13 bullfrogs
  Blork the orc (D:5)
  A gnoll sergeant (D:9)
  2 scorpions
  3 necrophages
  10 wights
  6 killer bees (D:11)
  6 howler monkeys
  6 orc priests
  6 hounds
  A jelly (D:6)
  3 starcursed masses (Abyss:2)
  2 gnoll boudas
  An iguana (D:5)
  7 orc wizards
  8 adders
  13 gnolls
  6 white imps
  2 ufetubi
  A worm (D:4)
  3 dart slugs
  24 orcs
  7 endoplasms
  6 giant cockroaches
  11 goblins
  8 hobgoblins
  4 quokkas
  8 ball pythons
  3 bats (D:1)
  A frilled lizard (D:3)
  34 kobolds
  4 rats
283 creatures vanquished.

Vanquished Creatures (collateral kills)
  A two-headed ogre (D:9)
  A smoke demon (Abyss:2)
  A raiju (Abyss:2)
  2 wraiths
  A yak (D:9)
  A vampire mosquito (D:10)
  A swamp drake (D:9)
  An ogre (D:10)
  2 kobold brigands
  A bullfrog (Bailey)
  A wight (D:9)
  An orc priest (D:9)
  An iguana (D:7)
  2 orc wizards
  4 gnolls
  4 orcs (D:9)
  5 kobolds
30 creatures vanquished.

Vanquished Creatures (others)
  5 hexers
  10 demonic plants
  2 foxfires (Abyss:2)
17 creatures vanquished.

Grand Total: 330 creatures vanquished

Notes
Turn   | Place    | Note
-------+----------+-------------------------------------------
     0 | D:1      | cforsyth the Kobold Brigand began the quest for the Orb.
     0 | D:1      | Reached XP level 1. HP: 12/12 MP: 1/1
   110 | D:1      | Reached XP level 2. HP: 18/18 MP: 2/2
   655 | D:1      | Reached XP level 3. HP: 22/22 MP: 3/3
  1137 | D:2      | Found a radiant altar of Vehumet.
  1711 | D:2      | Reached XP level 4. HP: 27/27 MP: 4/4
  1810 | D:2      | Reached skill level 6 in Stealth
  1897 | D:3      | Found a shadowy altar of Dithmenos.
  1948 | D:3      | Identified the +4 scale mail of Least Resistance {+Blink
                  | Regen+ Str+2 Stlth-}
  2433 | D:3      | Reached XP level 5. HP: 32/32 MP: 5/5
  2713 | D:4      | Reached XP level 6. HP: 31/37 MP: 6/6
  3066 | D:4      | Found a staircase to the Ecumenical Temple.
  3166 | D:5      | Entered Level 5 of the Dungeon
  3301 | D:5      | Noticed Blork the orc
  3305 | D:5      | Killed Blork the orc
  3306 | D:5      | Reached skill level 7 in Stealth
  3386 | D:5      | Reached skill level 5 in Short Blades
  3444 | D:5      | Identified the +1 pair of gloves of Modesty {Str+3 Slay+3}
  3470 | D:5      | Reached XP level 7. HP: 43/43 MP: 7/7
  4354 | D:5      | Found a stormy altar of Qazlal.
  4354 | D:5      | Found an ancient bone altar of Kikubaaqudgha.
  4357 | D:5      | Found an iron altar of Okawaru.
  4364 | D:5      | Found a glowing golden altar of the Shining One.
  4370 | D:5      | Found a blossoming altar of Fedhas.
  4378 | D:5      | Found a shimmering blue altar of Sif Muna.
  4508 | D:5      | Reached skill level 8 in Stealth
  4508 | D:5      | Reached XP level 8. HP: 48/48 MP: 8/8
  4517 | D:5      | Reached skill level 5 in Fighting
  4530 | D:5      | Reached skill level 5 in Dodging
  4651 | Temple   | Entered the Ecumenical Temple
  4654 | Temple   | Found a transporter.
  4654 | Temple   | Found a transporter.
  4656 | Temple   | Found a transporter.
  4656 | Temple   | Found a transporter.
  4669 | Temple   | Became a worshipper of Hepliaklqana the Forgotten
  5651 | D:6      | Found Fadom's Distillery.
  5746 | D:6      | Found a large runed translucent door.
  5747 | D:6      | Found a large runed translucent door.
  6213 | D:6      | Found Afia's Assorted Antiques.
  6219 | D:6      | Bought a scroll labelled JODORR BUIS for 33 gold pieces
  6219 | D:6      | Bought a scroll labelled KEXZIT KUN for 33 gold pieces
  6219 | D:6      | Bought a fizzy clear potion for 29 gold pieces
  6219 | D:6      | Bought a clear potion for 29 gold pieces
  6292 | D:6      | Found Milyphic's Magic Scroll Emporium.
  6297 | D:6      | Bought a scroll of teleportation for 45 gold pieces
  6315 | D:6      | Reached * piety under Hepliaklqana
  6396 | D:6      | Found an ornate altar of the Wu Jian Council.
  6641 | D:6      | Found Roubratu's General Store.
  6708 | D:6      | Found a burning altar of Makhleb.
  6724 | D:6      | Found a snail-covered altar of Cheibriados.
  6762 | D:7      | Reached skill level 9 in Stealth
  6779 | D:7      | Found a runed translucent gate.
  6779 | D:7      | Found a runed translucent gate.
  6779 | D:7      | Found a runed translucent gate.
  6827 | D:7      | Reached XP level 9. HP: 34/49 MP: 9/9
  7585 | D:7      | Reached skill level 10 in Stealth
  7795 | D:7      | Found Ottecay's Mass Market.
  8439 | D:8      | Found a staircase to the Lair.
  8450 | D:8      | Noticed a hornet
  8474 | D:7      | Killed a hornet
  8605 | D:8      | Reached skill level 11 in Stealth
  8605 | D:8      | Reached XP level 10. HP: 43/56 MP: 10/10
  8887 | D:8      | Reached ** piety under Hepliaklqana
  8962 | D:8      | Found Dome Zie's Antique Armour Boutique.
  8967 | D:8      | Bought a glowing cloak for 142 gold pieces
  9825 | D:8      | Remembered your ancestor Gladwin as a hexer
 10225 | D:9      | Reached skill level 12 in Stealth
 10313 | D:9      | Noticed a two-headed ogre
 10328 | D:9      | Killed a two-headed ogre
 10408 | D:9      | Reached skill level 10 in Short Blades
 10421 | D:9      | Reached skill level 13 in Stealth
 10696 | D:9      | Found a staircase to the Orcish Mines.
 11042 | D:9      | Reached XP level 11. HP: 42/62 MP: 11/11
 11046 | D:9      | Reached skill level 14 in Stealth
 11754 | D:10     | Entered Level 10 of the Dungeon
 11833 | D:10     | Reached skill level 10 in Dodging
 11843 | D:10     | Found a flagged portal.
 11853 | Bailey   | Entered a bailey
 11924 | Bailey   | Reached skill level 15 in Stealth
 12030 | Bailey   | Noticed a vault guard
 12034 | Bailey   | Killed a vault guard
 12053 | Bailey   | Noticed Prince Ribbit
 12054 | Bailey   | Noticed a vault guard
 12124 | Bailey   | Killed a vault guard
 12159 | Bailey   | Killed Prince Ribbit
 12266 | Bailey   | Reached skill level 10 in Fighting
 12273 | Bailey   | Reached skill level 16 in Stealth
 12685 | D:10     | Found a shimmering altar of Xom.
 12717 | D:10     | Noticed Lodul
 12732 | D:10     | Killed Lodul
 12733 | D:10     | Reached XP level 12. HP: 69/69 MP: 12/12
 12958 | D:10     | Found a shimmering altar of Xom.
 12958 | D:10     | Found a shimmering altar of Xom.
 12958 | D:10     | Found a shimmering altar of Xom.
 12959 | D:10     | Found a shimmering altar of Xom.
 13267 | D:11     | Reached *** piety under Hepliaklqana
 13351 | D:11     | Noticed a two-headed ogre
 13358 | D:11     | Killed a two-headed ogre
 13359 | D:11     | Reached skill level 17 in Stealth
 13447 | D:11     | Found a stormy altar of Qazlal.
 13523 | D:11     | Noticed a two-headed ogre
 13525 | D:11     | Killed a two-headed ogre
 14267 | D:12     | Noticed a two-headed ogre
 14275 | D:12     | Killed a two-headed ogre
 14396 | D:12     | Found Jeuvask's Magic Scroll Shop.
 14405 | D:12     | Noticed Frances
 14409 | D:12     | Killed Frances
 14430 | D:12     | Reached skill level 18 in Stealth
 14476 | D:12     | Noticed a two-headed ogre
 14480 | D:12     | Killed a two-headed ogre
 14516 | D:12     | Noticed a boulder beetle
 14519 | D:12     | Killed a boulder beetle
 14695 | D:12     | Noticed Erolcha
 14707 | Abyss:2  | Cast into level 2 of the Abyss (Erolcha)
 14744 | Abyss:2  | Noticed a thrashing horror
 14820 | Abyss:2  | Found a blossoming altar of Fedhas.
 14931 | Abyss:2  | Reached **** piety under Hepliaklqana
 14936 | Abyss:2  | Noticed a starcursed mass
 14954 | Abyss:2  | Noticed a green very ugly thing
 14983 | Abyss:2  | Noticed a red very ugly thing
 15001 | Abyss:2  | Killed a red very ugly thing
 15002 | Abyss:2  | Reached XP level 13. HP: 50/75 MP: 13/13
 15008 | Abyss:2  | Reached skill level 19 in Stealth
 15060 | Abyss:2  | Noticed a tentacled monstrosity
 15073 | Abyss:2  | Killed a tentacled monstrosity
 15128 | Abyss:2  | Noticed a hellephant
 15130 | Abyss:2  | HP: 3/76 [hellephant/blast of flame (46)]
 15286 | Abyss:2  | Noticed a purple draconian
 15315 | Abyss:2  | Killed a purple draconian
 15348 | Abyss:2  | Noticed a rakshasa
 15367 | Abyss:2  | HP: 2/77 [sun demon (21)]
 15367 | Abyss:2  | Mangled by a sun demon

Illustrated notes

Levels and vault maps discovered:
D:1:      psy_arrival_radial02, layout_basic
D:2:      layout_basic, basic_altar
D:3:      layout_loops_ring, lemuel_round_altar
D:4:      layout_basic, minmay_temple_entry_from_below_a,
          minmay_strange_pillars, kennysheep_generic_room_16
D:5:      layout_layer_cave, minmay_overflow_temple_hex,
          kennysheep_generic_room_15, uniq_blork_the_orc
D:6:      layout_loops_corners, jmf_multi_god_temple2,
          nzn_wu_jian_contemplation, serial_shops, nicolae_shop_trees,
          shop_coins, shop, kennysheep_mini_moat, dreamdust_princess_corridor
D:7:      layout_gridville, gammafunk_ghost_cemetery, minmay_shop_mass,
          minmay_manual_macuahuitl
D:8:      nicolae_hitomezashi [nicolae_hito_row, nicolae_hito_row,
          nicolae_hito_row, nicolae_hito_row, nicolae_hito_row,
          nicolae_hito_row, nicolae_hito_row, nicolae_hito_row,
          nicolae_hito_row, nicolae_hito_row, nicolae_hito_row,
          nicolae_hito_row, nicolae_hito_row, nicolae_hito_row,
          nicolae_hito_row, nicolae_hito_row, nicolae_hito_row,
          nicolae_hito_row], layout_basic, lair_entry_dummy, serial_shops, shop
D:9:      layout_cross, erik_orc_1
D:10:     layout_loops_ring, xom_redecorated, enter_bailey_3,
          chequers_serial_rivers_micro_d, uniq_lodul
D:11:     layout_cave_pools, serial_co_window_serial, co_window_paths_b,
          co_window_corner_a, co_window_corner_a, co_window_corner_a,
          co_window_paths_b, co_window_corner_a, co_window_broadway_c,
          co_window_broadway_c, co_window_of_opportunity_b,
          co_window_broadway_c, co_window_paths_c, glass_columns_a,
          glass_columns_b, nicolae_qazlal_style_of_elements
D:12:     minmay_recursive_quarters, layout_loops_ring, serial_shops,
          nicolae_shop_stone, uniq_maurice, uniq_erolcha, uniq_frances
Temple:   hellmonk_temple_divided_pantheon
Abyss:2:  base: D:1, evilmike_abyss_exit_glass, hangedman_eye_storm,
          minivault_20, evilmike_abyss_exit_plants, bh_abyss_exit_grid

Skill      XL: |  1  2  3  4  5  6  7  8  9 10 11 12 13 |
---------------+----------------------------------------+-----
Short Blades   | 3 4 5 6 7 8 10 12 13 14 | 14.1
Dodging        | 2 3 4 6 7 9 10 12 | 12.8
Stealth        | 6 7 8 9 11 13 16 18 19 | 19.6
Fighting       | 3 4 6 7 8 10 11 12 | 12.0
Throwing       | |  2.1

Action                     |  1- 3 |  4- 6 |  7- 9 | 10-12 | 13-15 || total
---------------------------+-------+-------+-------+-------+-------++-------
  Melee: Dagger            |    80 |   102 |   109 |       |       ||   291
         Punch             |       |       |     2 |     5 |     3 ||    10
         Rapier            |       |       |   110 |   451 |    58 ||   619
 Invoke: Recall Ancestor   |       |       |     3 |     2 |       ||     5
         Ancestor Life: He |       |       |       |     1 |       ||     1
  Evoke: Wand              |       |       |       |     3 |       ||     3
    Use: Potion            |       |       |     3 |     2 |     1 ||     6
         Scroll            |       |       |       |    23 |     2 ||    25
   Stab: Sleeping          |    16 |    16 |    26 |    29 |       ||    87
         Distracted        |     2 |       |     4 |     8 |     3 ||    17
         Confused          |       |       |       |    15 |       ||    15
 Armour: Robe              |    14 |     6 |    29 |    54 |       ||   103
         Troll leather arm |       |       |       |    16 |    13 ||    29
  Dodge: Dodged            |    30 |    61 |   150 |   357 |    32 ||   630

Table legend: (Time is in decaauts)
 A = Elapsed time spent in this place.
 B = Non-inter-level travel time spent in this place.
 C = Inter-level travel time spent in this place.
 D = Time resting spent in this place.
 E = Time spent auto-exploring this place.
 F = Levels seen in this place.
 G = Mean time per level.
                   A        B        C        D        E       F      G
               +--------+--------+--------+--------+--------+-----+--------+
         Total |  15118 |  14294 |    824 |   2081 |   9938 |  15 | 1007.9 |
       Dungeon |  13975 |  13161 |    814 |   1946 |   9459 |  12 | 1164.6 |
        Temple |     84 |     74 |     10 |      0 |     30 |   1 |   84.0 |
         Abyss |    597 |    597 |      0 |     87 |    164 |   1 |  597.0 |
        Bailey |    460 |    460 |      0 |     48 |    285 |   1 |  460.0 |
               +--------+--------+--------+--------+--------+-----+--------+

Top non-repeatable levels by time:
     D:8: 1742 daAuts
     D:9: 1740 daAuts
     D:6: 1621 daAuts
     D:5: 1575 daAuts
     D:4: 1327 daAuts
     D:7: 1158 daAuts
     D:1: 1019 daAuts
    D:11: 956 daAuts
     D:2: 860 daAuts
    D:10: 805 daAuts
     D:3: 764 daAuts
 Abyss:2: 597 daAuts
  Bailey: 460 daAuts
    D:12: 402 daAuts
  Temple: 84 daAuts
